Map: Bel'Shir Vestige LE (Void)

Players

Pelden

  • Race: Zerg Zerg
  • Spawn Location: 5:00

Fimp - Winner!

  • Race: Terran Terran
  • Spawn Location: 11:00

VOD

Have the link to the VOD?

Description

Time

  • Played on: April 8, 2017, 2:49 p.m.
  • Length: 26:51
Show
View Real Time Build Order
Export as new Build Order

Pelden Zerg 

Build Orders: Hatch First 

Get SALT Encoding   

  12  0:01  Drone  
  13  0:12  Overlord  
  13  0:17  Drone  
  14  0:25  Overlord  
  14  0:30  Extractor  
  14  0:31  Drone  
  15  0:36  Drone  
  16  0:46  Drone  
  17  1:02  Hatchery  
  16  1:05  Drone  
  17  1:18  Spawning Pool  
  17  1:20  Drone  
  17  1:32  Drone x2, Extractor  
  18  1:39  Drone  
  19  2:00  Drone  
  20  2:05  Queen, Drone  
  23  2:16  Drone  
  23  2:17  Queen  
  23  2:19  Overlord  
  23  2:21  Drone  
  27  2:30  Drone  
  28  2:37  Baneling Nest  
  28  2:39  Zergling x2  
  28  2:43  Drone  
  29  2:49  Roach Warren  
  28  2:55  Drone x2  
  28  2:56  Queen  
  28  2:57  Drone  
  33  3:16  Drone  
  33  3:19  Drone x2  
  37  3:20  Drone, Zergling x6  
  37  3:26  Drone, Extractor  
  39  3:34  Drone  
  40  3:49  Zergling x2  
  41  3:57  Lair  
  41  4:10  Baneling x5  
  41  4:14  Drone x3  
  41  4:16  Overlord  
  41  4:17  Overlord x3  
  44  4:21  Spine Crawler  
  43  4:30  Drone  
  44  4:40  Hatchery  
  44  4:44  Queen  
  44  4:45  Spore Crawler  
  44  4:46  Drone x3  
  44  4:49  Drone x3  
  44  4:50  Extractor  
  44  4:51  Zergling x6  
  52  5:00  Glial Reconstitution  
  52  5:06  Evolution Chamber  
  51  5:08  Roach x3  
  51  5:10  Roach x3  
  63  5:30  Roach  
  63  5:31  Roach x4  
  63  5:33  Zerg Missile Weapons Level 1  
  73  5:52  Drone  
  74  5:57  Queen  
  74  5:58  Overlord  
  74  5:59  Overlord  
  74  6:00  Roach  
  74  6:01  Roach x2  
  58  6:40  Zergling x4  
  58  6:41  Zergling x28  
  65  7:00  Overseer  
  61  7:11  Zergling x2  
  61  7:13  Roach x2, Zergling x2  
  61  7:14  Roach x4  
  69  7:23  Baneling  
  69  7:24  Baneling x6  
  69  7:26  Roach x8  
  81  7:35  Roach  
  81  7:36  Roach x2  
  83  8:04  Drone x2  
  83  8:05  Drone  
  86  8:07  Drone x2  
  88  8:13  Drone x3  
  73  8:45  Zergling x12  
  73  8:46  Roach x5  
  73  8:48  Zerg Missile Weapons Level 2  
  89  8:50  Drone  
  89  8:52  Overlord  
  89  8:53  Overlord x3  
  80  9:19  Overseer  
  80  9:20  Overseer x4  
  80  9:26  Roach x3  
  80  9:27  Overlord  
  86  9:32  Hatchery  
  85  9:53  Drone x3  
  85  9:55  Roach x4  
  85  9:56  Roach  
  98  10:07  Roach x3  
  98  10:10  Spine Crawler  
  91  10:22  Spine Crawler, Burrow  
  91  10:25  Spine Crawler, Queen  
  91  10:27  Zergling x4  
  84  10:30  Roach  
  84  10:35  Drone x2  
  72  11:03  Drone  
  72  11:04  Drone  
  62  11:13  Roach x2  
  62  11:14  Roach x5  
  71  11:18  Overseer  
  71  11:23  Drone x2  
  73  11:32  Overseer  
  73  11:41  Drone x3  
  73  11:43  Drone  
  73  11:44  Drone x2  
  78  11:54  Overseer  
  78  12:02  Hatchery  
  78  12:03  Drone  
  78  12:04  Drone  
  78  12:08  Extractor  
  78  12:13  Drone  
  78  12:14  Drone x5  
  78  12:15  Overlord  
  83  12:25  Roach  
  83  12:26  Roach x2  
  89  12:38  Zergling x4  
  89  12:39  Drone x2, Zergling x2  
  94  12:46  Spine Crawler  
  94  12:48  Overseer  
  93  12:59  Extractor  
  93  13:01  Extractor  
  93  13:03  Extractor  
  86  13:25  Queen  
  81  13:32  Extractor  
  80  13:35  Spore Crawler  
  80  13:37  Spore Crawler  
  78  13:45  Spore Crawler  
  78  13:47  Spine Crawler  
  76  13:48  Spore Crawler  
  76  13:49  Drone x2  
  76  13:50  Drone  
  76  13:51  Drone x2  
  49  14:10  Spore Crawler  
  36  14:28  Drone x3, Extractor  
  36  14:29  Overseer  
  34  14:33  Spine Crawler  
  25  14:47  Drone x5  
  25  14:48  Zergling x2  
  25  14:49  Zergling x16  
  25  14:50  Zergling x2  
  40  14:58  Drone x2  
  42  15:20  Roach x2  
  40  15:37  Drone x2  
  40  15:38  Zergling x4  
  40  15:39  Queen, Zergling x4  
  40  15:40  Queen  
  40  15:41  Drone  
  51  15:46  Drone  
  51  15:47  Drone  
  52  15:51  Spine Crawler  
  52  15:53  Roach x2  
  52  15:54  Roach x3  
  61  16:18  Baneling x4  
  61  16:28  Drone, Extractor  
  59  16:46  Drone x3  
  59  16:57  Baneling x2  
  59  16:59  Zergling x16  
  59  17:00  Zergling x2  
  68  17:10  Hydralisk Den  
  67  17:31  Drone x2  
  46  17:54  Zergling x2  
  46  17:55  Baneling  
  46  17:56  Baneling x3  
  39  17:59  Baneling x3  
  39  18:00  Zergling x4  
  39  18:01  Zergling x16  
  21  18:57  Zergling x2  
  21  18:58  Zergling x10  
  27  19:10  Zergling x4  
  28  19:36  Baneling x3  
  28  19:37  Hatchery  
  28  19:38  Drone x4  
  30  19:40  Hydralisk x3  
  30  19:41  Hydralisk  
  39  19:53  Spine Crawler  
  27  20:22  Hydralisk x4  
  29  20:29  Muscular Augments  
  28  20:48  Spawning Pool  
  23  21:16  Overlord  
  23  21:17  Drone x3  
  26  21:19  Hydralisk  
  26  21:20  Hydralisk  
  30  21:32  Hydralisk x3  
  26  21:33  Hydralisk  
  34  21:43  Drone  
  35  21:51  Drone x3  
  38  21:55  Drone x3  
  41  22:07  Drone x2  
  43  22:09  Drone  
  44  22:28  Hydralisk  
  46  22:51  Zergling x6  
  48  22:55  Drone x3  
  52  23:03  Zergling x4  
  52  23:04  Hydralisk  
  56  23:11  Lair  
  56  23:16  Hydralisk  
  48  23:52  Drone x3, Hydralisk x2  
  48  23:53  Hydralisk x2  
  59  24:13  Hatchery  
  19  24:26  Hydralisk x3  
  19  24:30  Drone x2, Hydralisk  
  29  24:35  Spine Crawler  
  28  24:45  Zergling x2  
  28  24:57  Zergling x2  
  3  25:24  Drone x3  
  3  25:51  Drone x2  
Show
View Real Time Build Order
Export as new Build Order

Fimp Terran - Winner!

Build Orders: Reaper Expand 

Get SALT Encoding   

  12  0:01  SCV  
  13  0:13  SCV  
  14  0:19  Supply Depot  
  14  0:25  SCV  
  15  0:40  SCV  
  16  0:43  Barracks  
  16  0:50  Refinery  
  16  0:53  SCV  
  17  1:13  SCV  
  18  1:30  Orbital Command  
  18  1:33  Supply Depot  
  18  1:34  Reaper  
  19  1:47  Command Center  
  19  1:55  SCV  
  20  2:10  Factory  
  20  2:13  SCV  
  20  2:14  Refinery  
  21  2:22  Marine  
  22  2:25  SCV  
  23  2:36  Barracks  
  23  2:37  SCV  
  24  2:47  Barracks Tech Lab  
  24  2:56  SCV  
  25  3:03  Starport, Factory Reactor  
  25  3:10  Orbital Command  
  25  3:11  SCV  
  26  3:17  Marine  
  27  3:20  Stimpack  
  27  3:24  SCV  
  28  3:31  Barracks Reactor  
  27  3:39  Marine  
  28  3:47  SCV  
  28  3:48  Engineering Bay  
  29  3:55  Medivac  
  31  3:59  Orbital Command  
  31  4:01  Marine  
  31  4:02  SCV  
  33  4:05  Factory Tech Lab  
  33  4:14  Marine x2  
  35  4:21  SCV  
  36  4:24  Marine  
  37  4:31  Widow Mine  
  37  4:32  Marine  
  37  4:33  SCV  
  37  4:35  Terran Infantry Weapons Level 1  
  41  4:38  Supply Depot  
  41  4:41  Supply Depot  
  41  4:45  SCV  
  42  4:46  SCV, Refinery  
  43  4:55  Marine x3  
  43  4:59  Bunker  
  46  5:00  Widow Mine, Medivac  
  50  5:11  SCV x2  
  52  5:18  Command Center  
  52  5:23  SCV x2, Marine x3  
  57  5:32  Armory  
  57  5:35  Widow Mine  
  59  5:36  Medivac  
  61  5:47  Marine  
  61  5:48  Marine  
  62  5:57  Supply Depot  
  62  6:18  Widow Mine, Marine x3  
  62  6:19  Medivac  
  62  6:23  Barracks  
  66  6:39  Marine x3  
  64  6:40  Terran Infantry Weapons Level 2  
  64  6:45  Supply Depot  
  51  7:12  Marine x3  
  51  7:13  Widow Mine  
  51  7:14  Medivac x2  
  57  7:27  Barracks Reactor  
  57  7:30  Marine  
  57  7:34  Refinery, Marine x2  
  58  7:38  Barracks Reactor  
  58  7:48  Marine  
  58  7:50  Widow Mine  
  61  7:52  Viking x2  
  61  7:53  Marine x2  
  67  8:12  Marine x2  
  69  8:14  Marine x3  
  72  8:20  Supply Depot  
  72  8:21  Supply Depot  
  72  8:23  SCV x2  
  74  8:33  Marine x4  
  58  8:46  Liberator x2  
  55  8:51  Marine x3  
  56  8:59  Siege Tank  
  57  9:08  Marine  
  57  9:09  Marine x2  
  63  9:26  Marine  
  63  9:27  Marine x2  
  66  9:44  Marine x2, Command Center  
  68  9:50  Liberator x2  
  66  9:56  SCV  
  67  10:00  Planetary Fortress  
  69  10:26  Marine  
  69  10:27  Marine  
  70  10:41  Widow Mine  
  63  10:54  Marine x2  
  43  11:20  Barracks  
  43  11:29  SCV  
  43  11:30  SCV  
  45  11:34  Barracks, Marine  
  45  11:35  Marine  
  45  11:38  Siege Tank  
  48  11:42  SCV x2  
  48  11:45  Liberator  
  50  11:51  SCV  
  50  11:52  Marine x2  
  50  11:54  SCV x2  
  55  12:03  SCV  
  59  12:11  Siege Tank  
  62  12:34  Marine x2  
  64  12:37  Barracks Reactor  
  62  12:50  SCV x3, Refinery  
  62  12:51  Refinery  
  65  12:53  Marine x2  
  67  13:02  SCV x2  
  69  13:11  Marine  
  70  13:15  Marine x3  
  73  13:20  SCV x3  
  76  13:33  Marine x4  
  80  13:38  Marine  
  81  13:41  Widow Mine  
  83  13:51  Marine x2  
  83  13:55  Supply Depot  
  85  13:57  Marine  
  79  14:06  Marine  
  79  14:07  Marine  
  79  14:09  Marine  
  65  14:40  Marine x5  
  65  14:42  Widow Mine  
  69  14:53  Liberator  
  69  14:58  Marine x3  
  72  15:08  Marine x2  
  72  15:11  Widow Mine  
  76  15:16  Marine  
  74  15:36  SCV x3  
  74  15:38  Marine  
  74  15:39  Marine x4  
  82  15:48  SCV x3  
  85  15:56  Refinery, Marine x2  
  85  15:57  Marine x3  
  87  16:00  SCV  
  91  16:14  Marine  
  92  16:22  Marine  
  93  16:29  Supply Depot x2  
  93  16:45  SCV x2, Marine  
  93  16:50  SCV, Marine x3  
  97  16:55  Liberator  
  97  17:05  Marine  
  97  17:06  Marine  
  97  17:08  Marine x2  
  99  17:10  Siege Tank  
  99  17:14  SCV x2  
  109  17:33  SCV  
  109  17:36  SCV, Command Center  
  108  17:45  Command Center  
  108  17:48  Siege Tank  
  92  18:05  Marine x4  
  93  18:06  Marine  
  93  18:07  Medivac x2  
  101  18:23  Marine x2  
  99  18:29  Marine x3  
  99  18:33  SCV x2  
  99  18:34  SCV  
  105  18:37  Liberator, Terran Infantry Weapons Level 3  
  105  18:41  Marine x2  
  106  18:47  Marine  
  107  18:51  Marine x2  
  99  18:58  Marine  
  99  18:59  Marine  
  100  19:05  Marine  
  100  19:38  Liberator  
  100  19:52  Marine x5  
  105  19:54  Siege Tank  
  111  20:09  Marine  
  111  20:10  Marine  
  110  20:16  Marine x3  
  98  21:05  Marine x5  
  98  21:09  Siege Tank  
  102  21:23  Marine x5  
  107  21:29  SCV x5  
  112  21:40  Marine  
  112  21:41  Marine x4, Siege Tank  
  117  22:07  Marine x5  
  122  22:09  Terran Infantry Armor Level 1  
  122  22:13  Siege Tank  
  125  22:17  Orbital Command x3  
  125  22:25  Marine x3  
  125  22:27  Marine x2  
  130  22:45  Siege Tank  
  133  23:17  Marine  
  133  23:18  Marine x4  
  124  23:35  Marine x2  
  126  23:42  Marine x3  
  126  23:43  Widow Mine  
  126  23:45  Medivac x2  
  133  23:53  Marine  
  134  24:16  Marine x5  
  135  24:17  Siege Tank  
  135  24:18  Medivac x2  
  136  24:33  Marine  
  136  24:34  Marine  
  138  24:50  Marine  
  139  24:55  Supply Depot  
  139  24:56  Supply Depot  
  139  25:02  Marine  
  139  25:03  Marine  
  139  25:04  Marine  
  139  25:05  Marine  
  133  25:15  Marine  
  133  25:17  Medivac x2  
  133  25:19  Marine  
  133  25:20  Supply Depot  
  136  25:21  Marine  
  136  25:22  Marine x2  
  137  25:55  Marine x2  
  137  25:56  Marine x3  
  142  26:13  Marine  
Tags
 
Add a new tag
Caveats
  • Supply blocks, unpowered buildings, or Contaminate may cause inaccurate times.
  • Supply counts are checked every 10 seconds.